 Dungeon Crawl Stone Soup version 0.18-b1-2-gd0c887e (webtiles) character file.

108 graki42 the Firebug (level 4, 0/24 HPs)
             Began as a Deep Elf Fire Elementalist on Apr 29, 2016.
             Slain by an orc wizard
             ... wielding a cursed +0 dagger
              (2 damage)
             ... on level 4 of the Dungeon.
             The game lasted 00:14:43 (1434 turns).

graki42 the Firebug (Deep Elf Fire Elementalist)    Turns: 1434, Time: 00:14:44

Health: 0/24       AC:  2    Str:  6    XL:     4   Next: 58%
Magic:  0/11       EV: 13    Int: 20    God:
Gold:   67         SH:  0    Dex: 15    Spells: 3 memorised, 3 levels left

rFire  . . .     SeeInvis .     d - +0 short sword
rCold  . . .     Gourm    .     a - +0 robe
rNeg   . . .     Faith    .     (no shield)
rPois  .         Spirit   .     (no helmet)
rElec  .         Dismiss  .     (no cloak)
rCorr  .         Reflect  .     (no gloves)
SustAt .         Harm     .     (no boots)
MR     .....                    (no amulet)
Stlth  ++........               (no ring)
                                (no ring)

@: not resistant to hostile enchantments, unstealthy
A: no striking features
a: no special abilities


You were on level 4 of the Dungeon.
You were not hungry.

You visited 1 branch of the dungeon, and saw 4 of its levels.

You collected 67 gold pieces.

Inventory:

Hand Weapons
 d - a +0 short sword (weapon)
Armour
 a - a +0 robe (worn)
Potions
 e - 3 potions of lignification {unknown}
Books
 b - a book of Flames

   Spells                             Type                      Level
   a - Flame Tongue                   Conjuration/Fire             1
   b - Throw Flame                    Conjuration/Fire             2
   c - Conjure Flame                  Conjuration/Fire             3
   d - Inner Flame                    Hexes/Fire                   3
   e - Sticky Flame                   Conjuration/Fire             4
   f - Fireball                       Conjuration/Fire             5
Comestibles
 c - a bread ration
 f - a meat ration
 g - a slice of pizza
 h - a beef jerky


   Skills:
 + Level 0.1 Fighting
 + Level 0.4 Short Blades
 + Level 3.0 Dodging
 + Level 3.2 Stealth
 + Level 3.8 Spellcasting
 * Level 2.1 Conjurations
 * Level 0.3 Hexes
 * Level 4.3 Fire Magic


You had 3 spell levels left.
You knew the following spells:

 Your Spells              Type           Power        Failure   Level  Hunger
a - Flame Tongue          Conj/Fire      ###..        3%          1    None
b - Conjure Flame         Conj/Fire      ###.....     12%         3    ###....
c - Inner Flame           Hex/Fire       ##......     17%         3    ###....


Dungeon Overview and Level Annotations

Branches:
Dungeon (4/15)
 Temple: D:4-7

Altars:
Ru
Yredelemnul
The Shining One


Message History

The flame tongue hits the orc.
The orc is moderately wounded.
The orc hits you from afar with a trident.
Something hits you but does no damage. The orc closely misses you.
Casting: Flame Tongue
Confirm with . or Enter, or press ? or * to list all spells.
Aiming: Flame Tongue
Press: ? - help, Shift-Dir - straight line, f/p - orc
Aim: an orc, wielding a trident (inner flame)
The flame tongue hits the orc.
The orc is heavily wounded.
The orc hits you from afar with a trident!
* * * LOW HITPOINT WARNING * * *
Something hits you.
* * * LOW HITPOINT WARNING * * *
The orc closely misses you.
You hit the orc but do no damage.
The orc is heavily wounded.
The orc closely misses you. Something hits you.
You die...

#............#
#....<......##
##........).##
.###...........#
..............#.#.
..................#
...................#
...................#
#.....@.....#....##
#.....o{..#####...#
#......o..## ....
#........## ..
.........#
.........#
.........#
.....###.. .#### ##.


You could see 2 orcs.

Vanquished Creatures
  Terence (D:2)
  2 adders (D:2)
  An ooze (D:2)
  2 dart slugs (D:1)
  A giant gecko (D:3)
  2 orcs (D:4)
  A ball python (D:3)
  5 giant cockroaches
  5 goblins
  8 hobgoblins
  6 jackals
  4 kobolds
  4 bats
  A giant gecko skeleton (D:4)
  A giant newt (D:1)
  5 rats
49 creatures vanquished.

Notes
Turn   | Place    | Note
--------------------------------------------------------------
     0 | D:1      | graki42 the Deep Elf Fire Elementalist began the quest for the Orb.
     0 | D:1      | Reached XP level 1. HP: 10/10 MP: 6/6
   179 | D:1      | Reached XP level 2. HP: 11/15 MP: 5/8
   580 | D:2      | Reached skill level 4 in Fire Magic
   583 | D:2      | Reached XP level 3. HP: 16/19 MP: 3/9
   792 | D:2      | Learned a level 3 spell: Conjure Flame
   796 | D:2      | Learned a level 3 spell: Inner Flame
   834 | D:2      | Found a glowing golden altar of the Shining One.
   955 | D:2      | Noticed Terence
   963 | D:2      | Killed Terence
   963 | D:2      | Reached XP level 4. HP: 24/24 MP: 0/11
  1219 | D:2      | Found a sacrificial altar of Ru.
  1221 | D:2      | Found a basalt altar of Yredelemnul.
  1434 | D:4      | Slain by an orc wizard

Skill      XL: |  1  2  3 |
---------------+----------+-----
Fire Magic     | 4 |  4.3
Stealth        | 3 |  3.2
Dodging        | 3 |  3.0
Conjurations   | 2 |  2.1
Fighting       | |  0.1
Short Blades   | |  0.4
Spellcasting   | |  3.8
Hexes          | |  0.3

Action                   |  1- 3 |  4- 6 || total
-------------------------+-------+-------++-------
Melee: Unarmed           |     1 |       ||     1
       Short sword       |    10 |     3 ||    13
 Cast: Flame Tongue      |    48 |    24 ||    72
       Inner Flame       |     1 |     2 ||     3
       Conjure Flame     |     1 |     1 ||     2
  Use: Scroll            |       |     1 ||     1
 Stab: Sleeping          |     7 |       ||     7
  Eat: Chunk             |       |     2 ||     2
Armor: Robe              |     6 |     4 ||    10
Dodge: Dodged            |    16 |    24 ||    40
